 Dungeon Crawl Stone Soup version 0.30-a0-996-ga6910c8ee8 (webtiles) character file.

Game seed: 520934884970582566

1768 croobank the Magician (level 9, -8/63 (65) HPs)
             Began as a Gnoll Earth Elementalist on Apr 4, 2023.
             Was an Initiate of Hepliaklqana.
             Mangled by a wight
             ... wielding a +6 long sword
              (13 damage)
             ... on level 5 of the Dungeon.
             The game lasted 00:20:56 (6966 turns).

croobank the Magician (Gnoll Earth Elementalist)    Turns: 6966, Time: 00:20:57

HP:   -8/63 (65)    AC:  6    Str:  8    XL:     9   Next: 7%
MP:   1/18          EV: 14    Int: 13    God:    Hepliaklqana [......]
Gold: 310           SH: 12    Dex: 13    Spells: 12/21 levels left

rFire   . . .      SeeInvis .    H - +1 hand axe of Freehold {spect, rC++ Int-5}
rCold   + + .      Faith    .    g - +2 buckler
rNeg    . . .      Spirit   .    l - +0 robe
rPois   .          Reflect  +    s - +1 helmet
rElec   .          Rampage  .    (no cloak)
rCorr   .                        y - +1 pair of gloves
Will    .....                    (no boots)
Stlth   +++                      C - amulet of reflection
HPRegen 0.30/turn                (no ring)
MPRegen 0.16/turn                (no ring)

@: lightly drained
A: fangs 1, strong nose, distributed training
a: Renounce Religion


You were on level 5 of the Dungeon.
You worshipped Hepliaklqana.
Hepliaklqana was noncommittal.
You visited 2 branches of the dungeon, and saw 8 of its levels.

You collected 366 gold pieces.
You spent 56 gold pieces at shops.

Inventory:

Hand Weapons
 a - a +1 dagger of flaming
 b - a +0 sling
 d - a +0 hand axe
 e - a +0 short sword
 f - a +0 heavy hand axe
 o - a +0 trident
 v - a +0 war axe
 z - a +0 long sword
 D - a +3 spear
 H - the +1 hand axe of Freehold (weapon) {spect, rC++ Int-5}
   (You found it on level 5 of the Dungeon)

   Int:       It affects your intelligence (-5).
   rC:        It greatly protects you from cold.
Missiles
 h - 6 poisoned darts
 G - a throwing net
Armour
 g - a +2 buckler (worn)
 i - a +0 leather armour
 l - a +0 robe (worn)
 s - a +1 helmet (worn)
 y - a +1 pair of gloves (worn)
Magical Staves
 r - a staff of conjuration
Jewellery
 C - an amulet of reflection (around neck)
 F - a ring of flight
Scrolls
 t - 2 scrolls of fog
 u - 2 scrolls of magic mapping
 w - 4 scrolls of immolation
 x - a scroll of vulnerability
 A - 5 scrolls of identify
 B - 3 scrolls of teleportation
 E - a scroll of poison {unknown}
Potions
 c - 2 potions of resistance
 j - a potion of mutation
 k - 2 potions of heal wounds
 m - a potion of magic
 n - 2 potions of flight
 p - 2 potions of might
 q - 3 potions of curing


   Skills:
 + Level 4.0 Fighting
 + Level 4.0 Short Blades
 + Level 4.0 Long Blades
 + Level 4.0 Axes
 + Level 4.0 Maces & Flails
 + Level 4.0 Polearms
 + Level 4.0 Staves
 + Level 4.0 Ranged Weapons
 + Level 4.0 Throwing
 + Level 4.0 Armour
 + Level 6.1 Dodging
 + Level 5.9 Stealth
 + Level 4.0 Shields
 + Level 4.0 Unarmed Combat
 + Level 6.5 Spellcasting
 + Level 3.3 Conjurations
 + Level 3.3 Hexes
 + Level 3.3 Summonings
 + Level 3.3 Necromancy
 + Level 3.3 Translocations
 + Level 4.0 Transmutations
 + Level 3.3 Fire Magic
 + Level 3.3 Ice Magic
 + Level 3.3 Air Magic
 + Level 6.4 Earth Magic
 + Level 3.3 Poison Magic
 + Level 4.4 Invocations
 + Level 4.0 Evocations


You had 12 spell levels left.
You knew the following spells:

 Your Spells              Type           Power      Damage    Failure   Level
a - Sandblast             Erth           42%        2d11      1%          1
b - Passwall              Tmut/Erth      14%        N/A       3%          2
c - Stone Arrow           Conj/Erth      32%        3d9       9%          3
d - Mephitic Cloud        Conj/Pois/Air  12%        N/A       16%         3

Your spell library contained the following spells:

 Spells                   Type           Power      Damage    Failure   Level
 Magic Dart               Conj           48%        1d5       5%          1
 Necrotise                Necr           48%        1d6       5%          1
 Call Imp                 Summ           12%        N/A       8%          2
 Vampiric Draining        Necr           12%        2d6       16%         3
 Petrify                  Tmut/Erth      17%        N/A       24%         4
 Agony                    Necr           12%        N/A       82%         5


Dungeon Overview and Level Annotations

Branches:
Dungeon (7/15)             Temple (1/1) D:6

Altars:
Ashenzari
Cheibriados
Dithmenos
Elyvilon
Gozag
Hepliaklqana
Qazlal
Ru
Trog
Uskayaw
Vehumet
Xom
Yredelemnul

Shops:
D:1 [   D:3 !

Annotations:
D:3 1 runed translucent door, Crazy Yiuf, Grinder
D:6 2 runed translucent doors, Bediveer's ghost, novice NaHW


Innate Abilities, Weirdness & Mutations

You have very sharp teeth.
Your uncanny sense of smell can sniff out nearby items.
Your experience applies equally to all skills.


Message History

The wight is heavily damaged.
Your +1 hand axe of Freehold {spect, rC++ Int-5} hits the wight but does no damage.
You block the wight's attack.
The wight hits your +1 hand axe of Freehold {spect, rC++ Int-5} with a +3 battleaxe of freezing.
Your spectral weapon shares its damage with you!
You hit the wight. You bite the wight, but do no damage.
The wight is severely damaged.
Your +1 hand axe of Freehold {spect, rC++ Int-5} barely misses the wight.
You block the wight's attack.
The wight barely misses your +1 hand axe of Freehold {spect, rC++ Int-5}.
You closely miss the wight.
The wight is severely damaged.
Your +1 hand axe of Freehold {spect, rC++ Int-5} hits the wight!
You destroy the wight!
The wight hits your +1 hand axe of Freehold {spect, rC++ Int-5} with a +6 long sword!
Your spectral weapon shares its damage with you!
* * * LOW HITPOINT WARNING * * *
Items here: )) [[.
The wight attacks as you move away!
The wight hits you with a +6 long sword!
* * * LOW HITPOINT WARNING * * *
You feel drained.
* * * LOW HITPOINT WARNING * * *
You see here a staff of conjuration.
Casting: Stone Arrow (dangerous; 9% risk of failure)
Confirm with . or Enter, or press ? or * to list all spells.
Aiming: Stone Arrow (dangerous; 9% risk of failure)
Press: ? - help, Shift-Dir - straight line, f - wight
Aim: a wight, wielding a +6 long sword and wearing a +0 robe (68% to hit)
The stone arrow hits the wight!
The wight is severely damaged.
You block the wight's attack.
Casting: Stone Arrow (dangerous; 9% risk of failure)
Confirm with . or Enter, or press ? or * to list all spells.
Aiming: Stone Arrow (dangerous; 9% risk of failure)
Press: ? - help, Shift-Dir - straight line, f/p - wight
Aim: a wight, wielding a +6 long sword and wearing a +0 robe (severely damaged, 68% to hit)
The stone arrow misses the wight.
The wight hits you with a +6 long sword!
You die...

### ..# . ..# #.#
#.# #.#.#
####.#####.# #.#.#
#.......##.# ....#
#...#.##.##.#
..#.###.#
#..##.##)# .......#
#....@z.# .......#
#.##.#### .......##
##......#
....#.#.###..##.#.#
##.##......#.##.#.#
...##......#.##.# #
...........#.##.#
#####......#.##.#
...........#.....


You could see a wight.

Vanquished Creatures
  Sigmund (D:2)
  A water moccasin (Temple)
  2 ice beasts
  An orc warrior (D:6)
  An ogre (D:4)
  A centaur (D:5)
  A phantom (D:3)
  A bullfrog (D:7)
  5 wights
  A howler monkey (D:7)
  2 hounds (D:4)
  3 jellies
  Terence (D:2)
  An orc priest (D:3)
  Jessica (D:2)
  An iguana (D:4)
  An orc wizard (D:6)
  Robin (D:3)
  An adder (D:2)
  16 gnolls
  2 shadow imps
  4 worms
  2 dart slugs (D:3)
  13 orcs
  10 ball pythons
  3 bats
  6 endoplasms
  4 giant cockroaches
  12 goblins
  16 hobgoblins
  4 jackals (D:3)
  4 quokkas
  2 frilled lizards (D:3)
  6 kobolds
  17 rats
  A spectral hobgoblin (D:2)
149 creatures vanquished.

Vanquished Creatures (others)
  3 fungi (D:3)
  17 plants (D:3)
20 creatures vanquished.

Grand Total: 169 creatures vanquished

Notes
Turn   | Place    | Note
-------+----------+-------------------------------------------
     0 | D:1      | croobank the Gnoll Earth Elementalist began the quest for
                  | the Orb.
     0 | D:1      | Reached XP level 1. HP: 13/13 MP: 6/6
    35 | D:1      | Reached XP level 2. HP: 19/19 MP: 1/7
    38 | D:1      | Learned a level 2 spell: Passwall
   705 | D:1      | Reached skill level 5 in Spellcasting
   705 | D:1      | Reached XP level 3. HP: 25/25 MP: 6/9
   709 | D:1      | Learned a level 3 spell: Stone Arrow
   969 | D:1      | Found Parghee's Antique Armour Emporium.
  1142 | D:2      | Reached skill level 1 in Invocations
  1166 | D:2      | Found a faded altar of an unknown god.
  1202 | D:2      | Noticed Jessica
  1206 | D:2      | Killed Jessica
  1207 | D:2      | Reached skill level 1 in Fighting
  1207 | D:2      | Reached skill level 1 in Short Blades
  1207 | D:2      | Reached skill level 1 in Long Blades
  1207 | D:2      | Reached skill level 1 in Axes
  1207 | D:2      | Reached skill level 1 in Maces & Flails
  1207 | D:2      | Reached skill level 1 in Polearms
  1207 | D:2      | Reached skill level 1 in Staves
  1207 | D:2      | Reached skill level 1 in Ranged Weapons
  1207 | D:2      | Reached skill level 1 in Throwing
  1207 | D:2      | Reached skill level 1 in Armour
  1207 | D:2      | Reached skill level 1 in Shields
  1207 | D:2      | Reached skill level 1 in Unarmed Combat
  1207 | D:2      | Reached skill level 1 in Evocations
  1207 | D:2      | Reached XP level 4. HP: 21/32 MP: 8/11
  1304 | D:2      | Noticed Terence
  1315 | D:2      | Killed Terence
  1316 | D:2      | Reached skill level 1 in Conjurations
  1316 | D:2      | Reached skill level 1 in Hexes
  1316 | D:2      | Reached skill level 1 in Summonings
  1316 | D:2      | Reached skill level 1 in Necromancy
  1316 | D:2      | Reached skill level 1 in Translocations
  1316 | D:2      | Reached skill level 1 in Fire Magic
  1316 | D:2      | Reached skill level 1 in Ice Magic
  1316 | D:2      | Reached skill level 1 in Air Magic
  1316 | D:2      | Reached skill level 1 in Poison Magic
  1454 | D:2      | Noticed Sigmund
  1461 | D:2      | Killed Sigmund
  1462 | D:2      | Reached XP level 5. HP: 38/38 MP: 0/12
  1462 | D:2      | Reached XP level 6. HP: 44/44 MP: 0/14
  1726 | D:2      | Reached skill level 5 in Dodging
  2640 | D:3      | Found Culopseq's Distillery.
  2648 | D:3      | Bought a potion of curing for 42 gold pieces
  2648 | D:3      | Bought a potion of degeneration for 14 gold pieces
  2766 | D:3      | Noticed Robin
  2783 | D:3      | Killed Robin
  2900 | D:3      | Found a hide-covered altar of Uskayaw.
  2911 | D:3      | Found a bloodstained altar of Trog.
  3165 | D:3      | Reached XP level 7. HP: 50/50 MP: 11/15
  3225 | D:3      | Noticed Grinder
  3227 | D:3      | Paralysed by Grinder for 4 turns
  3617 | D:3      | Found a runed translucent door.
  3618 | D:3      | Noticed Crazy Yiuf
  3751 | D:3      | Reached skill level 5 in Stealth
  4078 | D:5      | Entered Level 5 of the Dungeon
  4230 | D:4      | Reached XP level 8. HP: 17/58 MP: 13/16
  4472 | D:4      | Found an opulent altar of Gozag.
  5259 | D:5      | You fall into a shaft and drop 2 floors!
  5439 | D:6      | Found a runed translucent door.
  5444 | D:6      | Noticed Bediveer's ghost (novice NaHW)
  5458 | D:6      | Found a runed translucent door.
  5475 | D:6      | Found a snail-covered altar of Cheibriados.
  5507 | D:6      | Found a shadowy altar of Dithmenos.
  5533 | D:6      | Learned a level 3 spell: Mephitic Cloud
  5678 | D:6      | Found a staircase to the Ecumenical Temple.
  5765 | Temple   | Entered the Ecumenical Temple
  5898 | Temple   | Became a worshipper of Hepliaklqana the Forgotten
  6623 | D:5      | Identified the +1 hand axe of Freehold {spect, rC++ Int-5}
  6938 | D:5      | Reached XP level 9. HP: 50/65 MP: 8/18
  6966 | D:5      | Mangled by a wight

Illustrated notes

Levels and vault maps discovered:
D:1:      giann_bridges, layout_loops_ring, serial_shops,
          nicolae_shop_waterfront, minmay_rat_gold_closets
D:2:      layout_basic, dreamdust_ecumenical_altar_drowned_temple, uniq_sigmund,
          uniq_terence, uniq_jessica
D:3:      layout_rooms, bloody_trog, mainiacjoe_overflow_chevrons, serial_shops,
          nicolae_shop_trees, uniq_grinder, uniq_robin, uniq_crazy_yiuf_cottage
D:4:      layout_loops_ring, mainiacjoe_overflow_alcove_4, minmay_hedge_maze,
          palyth_stone_intersect
D:5:      layout_loops_cross
D:6:      layout_basic, lemuel_crystal_altar, nicolae_dithmenos_the_darkroom,
          minmay_temple_entry_junction, ebering_ghost_sewer_f
D:7:      minmay_bubble_buster, layout_loops_ring
Temple:   nicolae_temple_bog_church

Skill      XL: |  1  2  3  4  5  6  7  8  9 |
---------------+----------------------------+-----
Transmutations | 2 3 4 |  4.0
Spellcasting   | 5 6 |  6.5
Invocations    | 1 2 3 4 |  4.4
Fighting       | 1 2 3 4 |  4.0
Short Blades   | 1 2 3 4 |  4.0
Long Blades    | 1 2 3 4 |  4.0
Axes           | 1 2 3 4 |  4.0
Maces & Flails | 1 2 3 4 |  4.0
Polearms       | 1 2 3 4 |  4.0
Staves         | 1 2 3 4 |  4.0
Ranged Weapons | 1 2 3 4 |  4.0
Throwing       | 1 2 3 4 |  4.0
Armour         | 1 2 3 4 |  4.0
Shields        | 1 2 3 4 |  4.0
Unarmed Combat | 1 2 3 4 |  4.0
Evocations     | 1 2 3 4 |  4.0
Conjurations   | 1 2 3 |  3.3
Hexes          | 1 2 3 |  3.3
Summonings     | 1 2 3 |  3.3
Necromancy     | 1 2 3 |  3.3
Translocations | 1 2 3 |  3.3
Fire Magic     | 1 2 3 |  3.3
Ice Magic      | 1 2 3 |  3.3
Air Magic      | 1 2 3 |  3.3
Poison Magic   | 1 2 3 |  3.3
Dodging        | 5 6 |  6.1
Stealth        | 5 |  5.9
Earth Magic    | 6 |  6.4

Action                     |  1- 3 |  4- 6 |  7- 9 || total
---------------------------+-------+-------+-------++-------
  Melee: Dagger            |       |    10 |   105 ||   115
         Bite              |       |       |    25 ||    25
         Hand axe          |       |       |    62 ||    62
   Fire: Sling             |       |     3 |       ||     3
   Cast: Sandblast         |    37 |    88 |    68 ||   193
         Stone Arrow       |       |     6 |    21 ||    27
         Mephitic Cloud    |       |       |     5 ||     5
    Use: Scroll            |     3 |     4 |     7 ||    14
   Stab: Sleeping          |       |       |     3 ||     3
         Distracted        |       |       |     1 ||     1
 Armour: Robe              |     1 |     5 |    41 ||    47
  Dodge: Dodged            |     6 |    38 |    95 ||   139
  Block: Buckler           |     1 |    18 |    93 ||   112
         Reflection        |       |       |     3 ||     3

Table legend: (Time is in decaauts)
 A = Elapsed time spent in this place.
 B = Non-inter-level travel time spent in this place.
 C = Inter-level travel time spent in this place.
 D = Time resting spent in this place.
 E = Time spent auto-exploring this place.
 F = Levels seen in this place.
 G = Mean time per level.
                   A        B        C        D        E       F      G
               +--------+--------+--------+--------+--------+-----+--------+
         Total |   7076 |   6844 |    232 |   2665 |   2595 |   8 |  884.5 |
       Dungeon |   6920 |   6708 |    212 |   2591 |   2557 |   7 |  988.6 |
        Temple |    155 |    135 |     20 |     74 |     37 |   1 |  155.0 |
               +--------+--------+--------+--------+--------+-----+--------+

Top non-repeatable levels by time:
     D:2: 1522 daAuts
     D:4: 1310 daAuts
     D:1: 1126 daAuts
     D:5: 1086 daAuts
     D:3: 980 daAuts
     D:6: 710 daAuts
     D:7: 183 daAuts
  Temple: 155 daAuts
